 Dungeon Crawl Stone Soup version 0.30.1-4-g462c640d31 (webtiles) character file.

Game seed: 16774419470720368425

7 lonewolfV2 the Cudgeller (level 2, 0/17 HPs)
             Began as a Gargoyle Gladiator on Aug 31, 2023.
             Slain by an endoplasm (2 damage)
             ... on level 1 of the Dungeon.
             The game lasted 00:00:36 (105 turns).

lonewolfV2 the Cudgeller (Gargoyle Gladiator)        Turns: 105, Time: 00:00:37

Health: 0/17       AC:  6    Str: 17    XL:     2   Next: 0%
Magic:  2/2        EV:  9    Int:  8    God:
Gold:   0          SH:  0    Dex: 11    Spells: 1/1 levels left

rFire   . . .        a - +0 flail
rCold   . . .        (no shield)
rNeg    + . .        b - +0 leather armour
rPois   ∞            c - +0 helmet
rElec   +            (no cloak)
rCorr   .            (no gloves)
SInv    .            (no boots)
Will    .....        (no amulet)
Stlth   +            (no ring)
HPRegen 0.22/turn    (no ring)
MPRegen 0.08/turn

%: no passive effects
@: constricted
A: sickness immunity, AC +2, negative energy resistance 1, electricity
resistance, torment resistance 1, petrification resistance
a: no special abilities


You were on level 1 of the Dungeon.
You visited 1 branch of the dungeon, and saw 1 of its levels.

Inventory:

Hand Weapons
 a - a +0 flail (weapon)
Missiles
 d - 3 throwing nets (quivered)
 e - a javelin
Armour
 b - a +0 leather armour (worn)
 c - a +0 helmet (worn)
Scrolls
 f - a scroll of enchant weapon {unknown}


   Skills:
 + Level 2.2 Fighting
 + Level 3.2 Maces & Flails
 + Level 1.8 Throwing
 + Level 2.5 Dodging


You had one spell level left.
You didn't know any spells.
Your spell library was empty.

Dungeon Overview and Level Annotations

Branches:
Dungeon (1/15)

Altars:


Innate Abilities, Weirdness & Mutations

You are immune to sickness and miasma.
Your stone body is resilient. (AC +2)
You are immune to poison.
You resist negative energy. (rN+)
You are resistant to electric shocks. (rElec)
You are resistant to unholy torment.
You are immune to petrification.


Message History

The ball python completely misses you. The ball python constricts you.
The ball python bites you but does no damage.
The giant cockroach closely misses you.
You closely miss the ball python.
The ball python bites you but does no damage.
The ball python barely misses you. The ball python constricts you.
The endoplasm barely misses you. The ball python barely misses you.
The giant cockroach barely misses you. The ball python barely misses you.
You closely miss the ball python. The ball python closely misses you.
The ball python constricts you. The ball python barely misses you.
The giant cockroach bites you but does no damage.
The endoplasm freezes you.
You are frozen.
The ball python barely misses you. The ball python constricts you.
The ball python bites you.
The ball python bites you but does no damage.
The giant cockroach closely misses you. The endoplasm freezes you.
You are frozen.
You closely miss the ball python. The ball python barely misses you.
The ball python constricts you.
The ball python bites you but does no damage.
The ball python barely misses you.
The giant cockroach bites you but does no damage.
The endoplasm barely misses you.
The ball python bites you but does no damage.
The ball python constricts you.
The ball python bites you but does no damage.
You closely miss the ball python.
The ball python bites you but does no damage.
The giant cockroach bites you but does no damage.
The ball python bites you. The endoplasm freezes you.
You are frozen.
* * * LOW HITPOINT WARNING * * *
The ball python barely misses you. The ball python constricts you.
The ball python barely misses you. The giant cockroach barely misses you.
You barely miss the ball python.
The ball python bites you but does no damage. x2
The ball python constricts you. The endoplasm hits you.
You die...

...#..................
...#..................
...#..................
...#..................
...#..................
####..........?#######
###+#######....###
#####..S...#
.......B@...#
.......JSS..#
............#
.......#....#
.......#....#
..!....#.....
.......#####.# .....
.#


You could see an endoplasm, a giant cockroach and 3 ball pythons.

Vanquished Creatures
  A dart slug (D:1)
  A bat (D:1)
  2 jackals (D:1)
  A frilled lizard (D:1)
5 creatures vanquished.

Notes
Turn   | Place    | Note
-------+----------+-------------------------------------------
     0 | D:1      | lonewolfV2 the Gargoyle Gladiator began the quest for the
                  | Orb.
     0 | D:1      | Reached XP level 1. HP: 12/12 MP: 1/1
    85 | D:1      | Reached XP level 2. HP: 17/17 MP: 2/2
   105 | D:1      | Slain by an endoplasm

Illustrated notes

Levels and vault maps discovered:
D:1:      minmay_arrival_shattered_statue, layout_basic

Action                     || total
---------------------------++-------
  Melee: Flail             ||    22
 Armour: Leather armour    ||    24
  Dodge: Dodged            ||    51
